 Dungeon Crawl Stone Soup version 0.18-a0-1805-g8ab820f (webtiles) character file.

348 Mefis the Magician (level 6, -5/32 HPs)
             Began as a Deep Elf Wizard on Apr 26, 2016.
             Killed by divine providence
             ... invoked by an orc priest
              (15 damage)
             ... on level 4 of the Dungeon.
             The game lasted 00:18:37 (4406 turns).

Mefis the Magician (Deep Elf Wizard)                Turns: 4406, Time: 00:18:38

Health: -5/32      AC:  2    Str:  4    XL:     6   Next: 33%
Magic:  3/17       EV: 13    Int: 25    God:
Gold:   168        SH:  0    Dex: 13    Spells: 7 memorised, 2 levels left

rFire  . . .     SeeInvis .     m - +3 quarterstaff (chaos)
rCold  . . .     Gourm    .     a - +0 robe
rNeg   . . .     Faith    .     (shield currently unavailable)
rPois  .         Spirit   .     b - +0 hat
rElec  .         Dismiss  .     (no cloak)
rCorr  .         Reflect  .     (no gloves)
SustAt .         Harm     .     (no boots)
MR     .....                    (no amulet)
Stlth  ++........               (no ring)
                                (no ring)

@: very slightly contaminated, repel missiles, not resistant to hostile
enchantments, unstealthy
A: no striking features
a: no special abilities


You were on level 4 of the Dungeon.
You were not hungry.

You visited 1 branch of the dungeon, and saw 4 of its levels.

You collected 168 gold pieces.

Inventory:

Hand Weapons
 h - a +0 dagger
 m - a +3 quarterstaff of chaos (weapon)
 t - a +0 short sword of speed
Missiles
 u - 8 poisoned needles
 y - a throwing net (quivered)
Armour
 a - a +0 robe (worn)
 b - a +0 hat (worn)
 n - a cursed +0 cloak
Scrolls
 e - 3 scrolls of identify {unknown}
 g - 2 scrolls of noise {unknown}
 i - a scroll of blinking {unknown}
 j - a scroll of teleportation {unknown}
 q - a scroll of immolation {unknown}
 r - a scroll of enchant weapon {unknown}
 w - a scroll of enchant armour {unknown}
 z - 2 scrolls of remove curse {unknown}
Potions
 f - a potion of flight {unknown}
 k - 2 potions of curing {unknown}
 l - a potion of cure mutation {unknown}
 s - a potion of berserk rage {unknown}
 v - a potion of invisibility {unknown}
 x - a potion of might {unknown}
Books
 c - a book of Minor Magic

   Spells                             Type                      Level
   a - Magic Dart                     Conjuration                  1
   b - Blink                          Translocation                2
   c - Call Imp                       Summoning                    2
   d - Repel Missiles                 Charms/Air                   2
   e - Slow                           Hexes                        2
   f - Conjure Flame                  Conjuration/Fire             3
   g - Mephitic Cloud                 Conjuration/Poison/Air       3
Comestibles
 d - 2 bread rations
 o - a meat ration
 p - a slice of pizza


   Skills:
 - Level 0.1 Fighting
 + Level 3.2 Dodging
 + Level 3.5 Stealth
 + Level 6.4 Spellcasting
 + Level 3.4 Conjurations
 + Level 1.1 Hexes
 + Level 2.1 Summonings
 + Level 1.5 Translocations
 + Level 1.4 Fire Magic
 + Level 1.3 Poison Magic


You had 2 spell levels left.
You knew the following spells:

 Your Spells              Type           Power        Failure   Level  Hunger
a - Magic Dart            Conj           ####         1%          1    None
b - Call Imp              Summ           ###.....     6%          2    None
c - Blink                 Tloc           N/A          8%          2    None
d - Repel Missiles        Chrm/Air       #.....       12%         2    None
e - Mephitic Cloud        Conj/Pois/Air  ###.....     12%         3    None
f - Conjure Flame         Conj/Fire      ###.....     10%         3    None
g - Slow                  Hex            ##......     10%         2    None


Dungeon Overview and Level Annotations

Branches:
Dungeon (4/15)
 Temple: D:4-7

Altars:
Elyvilon
Nemelex Xobeh


Message History

The ball explodes into a vile cloud!
The stinking cloud engulfs the orc priest.
The orc priest is lightly wounded.
The orc priest mumbles some strange prayers to Beogh against you.
Pain shoots through your body!
Casting: Mephitic Cloud
Confirm with . or Enter, or press ? or * to list all spells.
Aiming: Magic Dart
Press: ? - help, Shift-Dir - straight line, f - orc priest
Aim: an orc priest, wielding a mace and wearing a scale mail (lightly wounded)
The magic dart hits the orc priest.
The orc priest is lightly wounded.
The orc priest hits you with a mace.
You see here a scroll labeled NEEZXERCHOCK.
The orc priest invokes the aid of Beogh against you.
Pain shoots through your body!
* * * LOW HITPOINT WARNING * * *
The orc priest calls down the wrath of Beogh upon you.
Beogh smites you!
You die...

##### ####...########
#######..?o)........#
#.......##...######.##########
#.......###### #.##........
#......o###########.##......##
.............@..............'.
........##############......##
....#.... .................
....#.#.# ##.....##.#..... ...
#.#.# #.....##.###### ## #.#.#
#.....##...†.#. #.#.#
########.###.#. #. ###<....
###.##


You could see an orc priest.

Vanquished Creatures
  A giant frog (D:4)
  A hound (D:4)
  2 orc wizards
  2 hound skeletons (D:4)
  2 adders
  3 oozes
  2 worms
  4 dart slugs
  A giant gecko (D:1)
  9 orcs
  4 giant cockroaches
  13 goblins
  11 hobgoblins
  2 jackals (D:4)
  2 quokkas (D:2)
  2 ball pythons
  6 bats
  5 giant newts
  10 kobolds
  13 rats
95 creatures vanquished.

Vanquished Creatures (collateral kills)
  An orc wizard (D:3)
  Crazy Yiuf (D:2)
  An adder (D:4)
  A worm (D:3)
  An orc (D:3)
  A goblin (D:2)
6 creatures vanquished.

Grand Total: 101 creatures vanquished

Notes
Turn   | Place    | Note
--------------------------------------------------------------
     0 | D:1      | Mefis the Deep Elf Wizard began the quest for the Orb.
     0 | D:1      | Reached XP level 1. HP: 10/10 MP: 7/7
   493 | D:1      | Reached skill level 5 in Spellcasting
   493 | D:1      | Reached XP level 2. HP: 15/15 MP: 2/10
   497 | D:1      | Learned a level 2 spell: Call Imp
   500 | D:1      | Learned a level 2 spell: Blink
   503 | D:1      | Learned a level 2 spell: Repel Missiles
   917 | D:1      | Reached XP level 3. HP: 19/19 MP: 6/11
   922 | D:1      | Learned a level 3 spell: Mephitic Cloud
  1502 | D:2      | Noticed Crazy Yiuf
  1523 | D:2      | Killed Crazy Yiuf
  1719 | D:2      | Reached XP level 4. HP: 22/24 MP: 7/13
  2150 | D:2      | Found a white marble altar of Elyvilon.
  2747 | D:3      | Reached skill level 6 in Spellcasting
  3296 | D:3      | Found a sparkling altar of Nemelex Xobeh.
  3310 | D:3      | Reached XP level 5. HP: 19/28 MP: 8/15
  3408 | D:3      | Learned a level 3 spell: Conjure Flame
  3411 | D:3      | Learned a level 2 spell: Slow
  3905 | D:4      | Reached skill level 1 in Hexes
  4166 | D:4      | Reached skill level 1 in Fire Magic
  4166 | D:4      | Reached skill level 1 in Poison Magic
  4166 | D:4      | Reached XP level 6. HP: 23/32 MP: 4/17
  4406 | D:4      | Killed from afar by an orc priest

Vault maps used:
D:1:      zaba_arrival_water, minmay_misc_feat_doors,
          hangedman_abyss_or_decor_stabs, item_on_display_a
D:2:      elyvilon_altar_1, uniq_crazy_yiuf_cottage
D:3:      hangedman_feature_mirror, nemelex_diamond_rough_becter
D:4:      temple_pool_b, st_stairs_14

Skill      XL: |  1  2  3  4  5 |
---------------+----------------+-----
Spellcasting   | 5 6 |  6.4
Conjurations   | 2 3 |  3.4
Stealth        | 3 |  3.5
Dodging        | 3 |  3.2
Hexes          | 1 |  1.1
Summonings     | 2 |  2.1
Fire Magic     | 1 |  1.4
Poison Magic   | 1 |  1.3
Fighting       | |  0.1
Translocations | |  1.5

Action                   |  1- 3 |  4- 6 || total
-------------------------+-------+-------++-------
Melee: Dagger            |     8 |       ||     8
 Cast: Magic Dart        |    84 |   158 ||   242
       Repel Missiles    |     1 |       ||     1
       Call Imp          |     2 |     6 ||     8
       Mephitic Cloud    |     1 |     5 ||     6
       Blink             |     1 |       ||     1
  Eat: Chunk             |     2 |     8 ||    10
Armor: Robe              |     5 |     5 ||    10
Dodge: Dodged            |    17 |    16 ||    33
       Deflected         |     1 |     1 ||     2
